 Dungeon Crawl Stone Soup version 0.23-a0-667-gc184e93 (console) character file.

19 Duffy the Firebug (level 2, -21/19 HPs)
             Began as a Demonspawn Fire Elementalist on Jan 8, 2019.
             Killed from afar by a jackal (40 damage)
             ... with an exploding inner flame
             ... hexed by the player character
             ... on level 2 of the Dungeon.
             The game lasted 00:00:37 (1272 turns).

Duffy the Firebug (Demonspawn Fire Elementalist)    Turns: 1272, Time: 00:00:38

Health: -21/19     AC:  3    Str:  8    XL:     2   Next: 55%
Magic:  1/5        EV: 12    Int: 16    God:
Gold:   51         SH:  4    Dex: 13    Spells: 4/5 levels left

rFire    . . .     SeeInvis .   (no weapon)
rCold    . . .     Gourm    .   (no shield)
rNeg     . . .     Faith    .   a - +0 robe
rPois    .         Spirit   .   (no helmet)
rElec    .         Reflect  .   (no cloak)
rCorr    .         Harm     .   (no gloves)
MR       .....                  d - +0 pair of boots
Stlth    ++........             i - amulet of inaccuracy (curse)
HPRegen  0.06/turn              (no ring)
MPRegen  0.09/turn              (no ring)

@: very slightly contaminated
A: large bone plates 1
a: no special abilities


You were on level 2 of the Dungeon.
You were not hungry.

You visited 1 branch of the dungeon, and saw 2 of its levels.

You collected 51 gold pieces.

Inventory:

Armour
 a - a +0 robe (worn)
 d - a +0 pair of boots (worn)
Jewellery
 i - a cursed amulet of inaccuracy (around neck)
Potions
 e - a potion of magic {unknown}
 f - 2 potions of haste {unknown}
 h - a potion of flight {unknown}
Comestibles
 c - a ration
 g - 3 chunks of flesh


   Skills:
 - Level 1.7 Dodging
 - Level 1.7 Stealth
 + Level 2.3 Spellcasting
 + Level 1.6 Conjurations
 + Level 3.0 Fire Magic


You had 4 spell levels left.
You knew the following spells:

 Your Spells              Type           Power        Failure   Level  Hunger
h - Flame Tongue          Conj/Fire      #....        8%          1    #......

Your spell library contained the following spells:

 Spells                   Type           Power        Failure   Level  Hunger
 Throw Flame              Conj/Fire      #.....       12%         2    ###....
 Conjure Flame            Conj/Fire      #.......     22%         3    ###....
 Inner Flame              Hex/Fire       #.......     32%         3    ###....
 Sticky Flame             Conj/Fire      #.......     58%         4    #####..
 Fireball                 Conj/Fire      #.........   91%         5    ######.


Dungeon Overview and Level Annotations

Branches:
Dungeon (2/15)

Altars:


Innate Abilities, Weirdness & Mutations

You are partially covered in large bone plates. (SH +4)


Message History

Aim: a jackal (heavily wounded, inner flame)
You miscast Flame Tongue.
You are very lightly contaminated with residual magic.
Heat runs through your body. You block the jackal's attack.
Casting: Flame Tongue (safe; 8% risk of failure)
Confirm with . or Enter, or press ? or * to list all spells.
Aiming: Flame Tongue (safe; 8% risk of failure)
Press: ? - help, Shift-Dir - straight line, f/p - jackal
Aim: a jackal (moderately wounded, inner flame)
The flame tongue hits the jackal.
The jackal explodes!
The fiery explosion engulfs the leopard gecko.
The leopard gecko explodes!
The fiery explosion engulfs the jackal.
The jackal explodes!
The fiery explosion engulfs the hobgoblin.
You kill the hobgoblin!
The fiery explosion engulfs you!
Ouch! That really hurt!
You die...

.. #. . .. .. .#
#.##### .# .
#.....##.#### ...
#....<....#
...00########.#.###.#
...0000@..#....)....##
...00####..............
>.. ###........###[ .
#...........
###########.. #


There were no monsters in sight!

Vanquished Creatures
  An ooze (D:1)
  A dart slug (D:1)
  A leopard gecko (D:2)
  A giant cockroach (D:1)
  2 hobgoblins (D:2)
  A jackal (D:2)
  A kobold (D:1)
  3 bats (D:1)
  2 rats (D:1)
13 creatures vanquished.

Notes
Turn   | Place    | Note
-------+----------+-------------------------------------------
     0 | D:1      | Duffy the Demonspawn Fire Elementalist began the quest for
                  | the Orb.
     0 | D:1      | Reached XP level 1. HP: 13/13 MP: 3/3
   729 | D:1      | Gained mutation: You are partially covered in large bone
                  | plates. (SH +4) [demonic ancestry]
   729 | D:1      | Reached XP level 2. HP: 19/19 MP: 1/5
  1228 | D:2      | Reached skill level 3 in Fire Magic
  1272 | D:2      | Killed from afar by a jackal

Vault maps used:
D:1:      dpeg_arrival_boxes_within_box, patterned_corridor
D:2:      gammafunk_temple_overflow_wave, first_ration, minmay_snake_closets,
          uniq_natasha

Skill      XL: |  1  2 |
---------------+-------+-----
Fire Magic     | 3 |  3.0
Dodging        | |  1.7
Stealth        | |  1.7
Spellcasting   | |  2.3
Conjurations   | |  1.6

Action                   || total
-------------------------++-------
Melee: Unarmed           ||    17
 Cast: Flame Tongue      ||    21
  Use: Scroll            ||     1
  Eat: Chunk             ||     1
Armor: Robe              ||     7
Dodge: Dodged            ||    22
Block: Other             ||     1

Table legend:
 A = Non-vault XP
 B = Vault XP
 C = Vault XP percentage of total XP
 D = Non-vault monster count
 E = Vault monster count
 F = Vault count percentage of total count
                 A         B        C        D         E       F
            +---------+---------+-------+---------+---------+-------
      Total |      28 |       0 |   0.0 |      13 |       0 |   0.0
            +---------+---------+-------+---------+---------+-------
        D:1 |      19 |       0 |   0.0 |       9 |       0 |   0.0
        D:2 |       9 |       0 |   0.0 |       4 |       0 |   0.0
            +---------+---------+-------+---------+---------+-------
